Map: Old Estate

Players

Maelthor - Winner!

  • Race: Terran Terran
  • Spawn Location: 7:00

Iluvatar - Winner!

  • Race: Terran Terran
  • Spawn Location: 9:00

Erfeyah - Winner!

  • Race: Terran Terran
  • Spawn Location: 7:00

athabstract - Winner!

  • Race: Protoss Protoss
  • Spawn Location: 7:00

Kolbi

  • Race: Protoss Protoss
  • Spawn Location: 3:00

PABLO

  • Race: Zerg Zerg
  • Spawn Location: 3:00

Ragan

  • Race: Protoss Protoss
  • Spawn Location: 1:00

Ferfiner

  • Race: Terran Terran
  • Spawn Location: 1:00

VOD

Have the link to the VOD?

Description

Time

  • Played on: Nov. 25, 2017, 2:23 p.m.
  • Length: 12:50
Show
View Real Time Build Order
Export as new Build Order

Maelthor Terran - Winner!

Build Orders: MMM Bio 

Get SALT Encoding   

  12  0:01  SCV  
  13  0:13  SCV  
  14  0:20  Supply Depot  
  14  0:25  SCV  
  15  0:33  Refinery  
  15  0:42  SCV  
  16  0:47  Barracks  
  16  0:54  SCV  
  17  1:06  SCV  
  18  1:11  Barracks  
  18  1:18  SCV  
  19  1:30  SCV  
  20  1:39  Refinery  
  20  1:40  Barracks Reactor  
  20  1:42  SCV  
  21  1:52  Supply Depot  
  21  1:55  Orbital Command  
  21  2:05  Barracks Reactor  
  21  2:11  Factory  
  21  2:17  Marine x2  
  21  2:21  SCV  
  24  2:29  Supply Depot  
  24  2:33  SCV  
  24  2:35  Marine  
  24  2:36  Marine  
  27  2:42  Marine x2  
  29  2:45  SCV  
  30  2:58  Starport  
  30  3:01  Marine  
  30  3:02  Marine x2  
  30  3:05  SCV  
  34  3:06  Marine  
  34  3:11  Factory Reactor  
  35  3:17  SCV  
  36  3:20  Supply Depot  
  36  3:26  Marine x2  
  38  3:29  SCV  
  39  3:41  Marine  
  39  3:42  Marine  
  41  3:54  SCV  
  42  3:58  Medivac x2  
  42  4:00  Factory Reactor  
  42  4:01  Factory Tech Lab  
  46  4:06  SCV  
  47  4:21  Command Center  
  47  4:22  Supply Depot  
  47  4:39  Supply Depot  
  47  4:44  SCV, Marine x4  
  47  4:45  Medivac  
  54  4:52  Engineering Bay  
  54  4:56  SCV  
  55  5:01  Medivac  
  55  5:06  Barracks  
  57  5:08  SCV  
  58  5:20  SCV  
  59  5:33  Marine x3  
  59  5:34  Medivac x2, Marine  
  61  5:51  Marine x2, Orbital Command  
  63  5:59  Barracks Tech Lab  
  63  6:02  Barracks  
  60  6:15  SCV  
  59  6:22  Medivac x2  
  58  6:27  SCV  
  58  6:29  SCV  
  59  6:38  Marine  
  59  6:39  SCV, Marine x4  
  64  6:41  SCV  
  64  6:47  Stimpack  
  65  6:51  SCV, Terran Infantry Weapons Level 1  
  66  6:56  Engineering Bay  
  66  6:59  SCV  
  67  7:03  Barracks Tech Lab, SCV  
  67  7:05  Barracks  
  68  7:09  Medivac x2  
  68  7:11  SCV, Siege Tank  
  76  7:15  SCV  
  76  7:17  Refinery  
  76  7:19  Refinery  
  77  7:24  SCV  
  78  7:40  Marine  
  78  7:41  Marine  
  78  7:43  Marine  
  78  7:48  Marine  
  78  7:49  Marine  
  78  7:51  Marine  
  78  7:52  Medivac x2  
  78  8:02  Supply Depot  
  78  8:06  Barracks Reactor, Supply Depot  
  78  8:08  Combat Shields  
  78  8:09  Supply Depot  
  78  8:17  Marine x5  
  78  8:18  SCV x2  
  85  8:24  Terran Infantry Armor Level 1  
  85  8:28  Supply Depot  
  85  8:30  SCV x2  
  85  8:31  Siege Tank  
  90  8:42  SCV x2  
  92  8:50  Marine x5, Marauder x2  
  92  8:51  Marine  
  92  8:54  SCV x2  
  104  9:06  SCV x2  
  104  9:08  Marine x3  
  99  9:40  Marine x7, Marauder  
  93  9:48  Siege Tank  
  93  9:50  SCV x2  
  98  9:57  Marine x2  
  98  9:58  Marine x2  
  98  9:59  Marauder  
  104  10:05  Supply Depot, Armory  
  104  10:08  Marine x2, Marauder  
  104  10:11  Barracks  
  108  10:15  Marine x3  
  108  10:16  Marine  
  108  10:18  SCV x2  
  108  10:20  Marine  
  115  10:26  Marine x2  
  117  10:28  Supply Depot  
  117  10:29  Command Center  
  117  10:30  Marauder  
  119  10:38  Marauder  
  119  10:40  Marine x2  
  119  10:41  Marine x2  
  125  10:43  Marine  
  126  10:50  Marine  
  126  10:51  Supply Depot, Marauder  
  129  10:58  Marine  
  129  10:59  Marauder  
  130  11:19  Marine x6, Marauder  
  130  11:20  Marine  
  122  11:40  Marine  
  122  11:41  Marine x6, Marauder  
  127  11:58  Marine  
  127  11:59  Marine x6  
  134  12:02  Marauder  
  134  12:03  Barracks  
  134  12:04  SCV x2  
  138  12:16  SCV, Marine x2  
  138  12:17  Marauder  
Show
View Real Time Build Order
Export as new Build Order

Iluvatar Terran - Winner!

Build Orders: MMM Bio 

Get SALT Encoding   

  12  0:01  SCV  
  13  0:13  SCV  
  14  0:23  Supply Depot  
  14  0:26  SCV  
  15  0:40  Refinery  
  15  0:45  SCV  
  15  0:48  Barracks  
  16  0:59  SCV  
  17  1:07  Barracks  
  17  1:14  SCV  
  18  1:23  Barracks  
  18  1:28  SCV  
  19  1:42  Supply Depot  
  19  1:46  SCV  
  20  1:54  Marine  
  20  1:57  Marine  
  22  2:02  SCV  
  22  2:04  Refinery  
  23  2:10  Barracks Tech Lab  
  23  2:11  Marine  
  24  2:17  Supply Depot  
  24  2:19  SCV  
  25  2:27  Barracks Reactor  
  25  2:32  Marine  
  25  2:33  Marine  
  27  2:39  Stimpack  
  27  2:41  SCV  
  28  2:53  Factory  
  28  2:55  SCV  
  29  2:59  Marine  
  29  3:04  Marine x2  
  32  3:11  Marine  
  33  3:21  SCV  
  33  3:27  Supply Depot  
  34  3:28  Marine x2  
  34  3:29  Marine  
  34  3:30  Marine  
  38  3:41  Orbital Command  
  38  3:48  Marine x2  
  40  3:51  Marine  
  40  3:53  Marine  
  42  4:03  Supply Depot  
  42  4:04  Factory Reactor  
  42  4:13  Starport  
  42  4:19  Marine x2  
  44  4:27  SCV  
  45  4:32  Marine  
  45  4:33  Marine  
  47  4:44  Marine x2  
  49  4:47  Supply Depot  
  49  4:49  Factory Tech Lab  
  49  4:50  SCV  
  50  4:55  Marine  
  50  4:57  Combat Shields  
  50  4:58  Marine  
  52  5:01  Medivac  
  54  5:09  Medivac  
  54  5:13  Supply Depot  
  54  5:14  Marine x2  
  58  5:24  Engineering Bay  
  58  5:25  SCV  
  59  5:28  Marine  
  59  5:31  Marine  
  61  5:39  Marine x2  
  63  5:44  Medivac x2  
  63  5:47  SCV  
  68  6:01  Missile Turret  
  68  6:35  Marine x3  
  68  6:39  Command Center  
  71  6:43  Supply Depot, Refinery  
  71  6:46  Medivac x2, Marine  
  76  6:53  Marine  
  77  7:10  Marine x3  
  77  7:11  SCV  
  81  7:16  Medivac x2  
  85  7:23  SCV  
  86  7:36  SCV  
  87  7:48  SCV  
  84  8:00  SCV  
  50  8:24  Marine x4  
  50  8:26  Medivac x2  
  58  8:27  SCV x2  
  60  8:35  Terran Infantry Weapons Level 1  
  60  8:39  SCV x2  
  60  8:40  Armory  
  62  8:41  Marine  
  62  8:42  Marine x3  
  66  8:51  SCV x2  
  66  8:54  Starport  
  68  8:59  Marine x2  
  68  9:00  Marine x2  
  72  9:03  SCV x2  
  74  9:15  SCV x2  
  76  9:17  Marine x3  
  76  9:18  Marine  
  80  9:24  Factory Tech Lab  
  80  9:27  SCV  
  80  9:28  SCV  
  82  9:35  Marine  
  82  9:38  Marine x2  
  83  9:39  SCV  
  83  9:44  Refinery  
  86  9:46  Starport Reactor  
  86  9:52  SCV  
  87  9:54  Supply Depot  
  87  9:56  Command Center  
  87  9:57  SCV  
  88  10:04  SCV  
  89  10:33  Medivac x2  
  93  10:36  Marine x3  
  93  10:37  Marine  
  93  10:39  Thor  
  80  11:39  Marine x4  
  76  11:57  SCV x2, Marine x4  
  76  11:58  SCV  
  83  12:05  Barracks  
  83  12:07  Barracks  
  83  12:08  Barracks  
  83  12:11  Barracks  
  83  12:14  Marine x2, Barracks  
  85  12:20  Marine x2  
Show
View Real Time Build Order
Export as new Build Order

Erfeyah Terran - Winner!

Build Orders:  

Get SALT Encoding   

  12  0:02  SCV  
  13  0:26  Supply Depot  
  13  0:27  SCV  
  14  0:39  SCV  
  15  0:51  SCV  
  15  0:55  Barracks  
  16  1:03  SCV  
  17  1:10  Refinery  
  17  1:15  SCV  
  18  1:27  SCV  
  18  1:29  Supply Depot  
  19  1:39  SCV  
  20  1:46  Barracks  
  20  1:53  Marine  
  21  2:07  Barracks  
  21  2:11  Marine  
  22  2:27  SCV  
  23  2:32  Command Center  
  23  2:39  SCV  
  23  2:42  Supply Depot  
  24  2:45  Marine  
  24  2:46  Marine  
  26  3:03  SCV, Marine  
  28  3:15  SCV  
  29  3:27  Factory  
  29  3:35  Supply Depot  
  29  3:42  SCV  
  29  3:47  Marine x3  
  33  3:54  SCV  
  34  4:05  Marine x3  
  34  4:09  SCV x2  
  39  4:21  SCV  
  39  4:23  Marine x3  
  43  4:32  Refinery  
  43  4:41  Marine x3  
  43  4:42  SCV x2  
  48  4:53  Supply Depot  
  48  4:54  SCV  
  48  4:58  Factory Tech Lab, Marine  
  50  5:11  Starport  
  50  5:21  SCV  
  50  5:22  SCV, Starport  
  50  5:23  Starport  
  50  5:28  Marine x3  
  52  5:34  SCV x2  
  57  5:46  Marine x3  
  60  5:53  Barracks  
  60  6:04  Marine  
  61  6:11  Marine x2  
  61  6:18  Medivac x3  
  69  6:21  Marine  
  70  6:41  Supply Depot  
  70  6:46  Supply Depot  
  70  7:02  SCV x2, Medivac, Marine x3  
  77  7:15  SCV  
  78  7:20  Marine  
  79  7:26  Supply Depot  
  79  7:28  SCV x2  
  81  7:31  Marine x2  
  81  7:34  Medivac  
  85  7:38  Marine  
  86  7:48  Medivac x2  
  86  7:49  Supply Depot, Marine  
  91  7:58  Marine x2  
  92  8:03  SCV  
  94  8:10  Medivac, Marine  
  94  8:11  SCV  
  94  8:12  Supply Depot  
  98  8:15  SCV  
  98  8:16  Marine x2  
  98  8:19  Supply Depot  
  101  8:23  SCV  
  102  8:34  SCV, Medivac x2, Marine x3, Supply Depot  
  110  8:41  Supply Depot  
  110  8:51  Marine x3  
  113  9:04  Supply Depot  
  113  9:08  SCV x2  
  113  9:09  Barracks Reactor, Marine x3  
  118  9:11  Medivac x2  
  122  9:26  Supply Depot  
  122  9:27  Marine x3  
  125  9:33  Command Center  
  125  9:45  Marine x2, Reaper  
  128  9:50  Supply Depot, Viking x2  
  132  10:03  SCV x2, Marine x2  
  136  10:12  Supply Depot  
  136  10:17  Marine  
  136  10:21  Marine x2  
  139  10:34  Supply Depot  
  139  10:35  Marine  
  140  10:38  Marine x2  
  142  10:48  Medivac x3  
  148  10:53  Marine  
  148  10:56  Marine x2, Supply Depot  
  151  11:10  Marine  
  152  11:14  Marine  
  153  12:06  SCV x2  
  153  12:07  Reaper x3  
  161  12:18  SCV x2  
  163  12:30  SCV  
  163  12:31  SCV  
Show
View Real Time Build Order
Export as new Build Order

athabstract Protoss - Winner!

Build Orders:  

Get SALT Encoding   

  12  0:01  Probe  
  13  0:13  Probe  
  14  0:21  Pylon  
  14  0:25  Probe  
  15  0:39  Probe (Chrono Boost)  
  16  0:44  Gateway  
  17  0:51  Probe (Chrono Boost)  
  17  0:57  Probe  
  18  1:05  Assimilator  
  18  1:09  Probe (Chrono Boost)  
  20  1:21  Probe (Chrono Boost)  
  20  1:23  Assimilator  
  20  1:33  Pylon  
  20  1:34  Zealot  
  22  1:49  Cybernetics Core  
  22  1:58  Probe (Chrono Boost)  
  23  2:01  Zealot  
  25  2:10  Probe (Chrono Boost)  
  26  2:19  Probe (Chrono Boost), Gateway  
  27  2:28  Zealot  
  29  2:30  Warp Gate  
  29  2:47  Nexus  
  29  2:49  Assimilator  
  29  2:52  Pylon  
  29  2:55  Probe  
  30  3:07  Probe  
  30  3:09  Stalker  
  33  3:15  Stalker  
  35  3:28  Probe (Chrono Boost)  
  35  3:33  Pylon  
  36  3:38  Assimilator  
  36  3:40  Probe (Chrono Boost)  
  37  3:42  Probe  
  38  3:51  Stalker  
  38  3:53  Pylon  
  40  4:03  Robotics Facility  
  40  4:08  Stalker  
  42  4:19  Probe (Chrono Boost)  
  42  4:20  Forge  
  44  4:26  Probe (Chrono Boost)  
  46  4:32  Probe (Chrono Boost)  
  46  4:36  Probe (Chrono Boost)  
  46  4:38  Probe (Chrono Boost)  
  47  4:48  Gateway  
  47  4:51  Gateway  
  47  4:52  Observer  
  48  4:55  Stalker  
  48  4:59  Stalker  
  52  5:05  Protoss Ground Weapons Level 1  
  52  5:17  Probe (Chrono Boost), Pylon  
  52  5:19  Probe (Chrono Boost)  
  52  5:20  Pylon  
  56  5:29  Probe (Chrono Boost)  
  56  5:31  Probe (Chrono Boost)  
  56  5:33  Probe x2 (Chrono Boost)  
  58  5:49  Twilight Council  
  58  6:01  Probe (Chrono Boost)  
  60  6:05  Probe (Chrono Boost)  
  61  6:13  Probe (Chrono Boost)  
  61  6:14  Stalker x2  
  61  6:15  Stalker x2  
  71  6:18  Probe x2 (Chrono Boost)  
  71  6:24  Observer  
  72  6:27  Probe  
  72  6:29  Blink  
  72  6:31  Probe  
  74  6:39  Probe  
  75  6:43  Probe, Assimilator  
  75  6:45  Warp Prism  
  78  6:49  Assimilator  
  78  6:51  Probe, Nexus  
  79  6:55  Probe  
  79  6:59  Protoss Ground Armor Level 1  
  80  7:03  Probe  
  80  7:07  Probe  
  82  7:13  Stalker  
  82  7:14  Stalker  
  86  7:23  Pylon  
  86  7:25  Pylon  
  86  7:26  Pylon  
  86  7:41  Probe x2  
  88  7:45  Stalker x4  
  96  7:58  Gateway  
  96  7:59  Gateway  
  96  8:02  Gateway  
  96  8:03  Gateway  
  90  8:42  Stalker  
  90  8:43  Stalker x3  
  90  8:47  Probe  
  90  8:48  Probe x2  
  101  8:53  Protoss Ground Weapons Level 2, Observer  
  102  9:00  Probe x3  
  105  9:12  Probe  
  106  9:25  Observer  
  107  9:47  Stalker x2  
  107  9:48  Stalker x5  
  107  9:49  Stalker  
  107  9:51  Probe x2  
  125  10:28  Pylon  
  125  10:29  Pylon  
  125  10:31  Pylon  
  125  10:43  Pylon  
  125  10:44  Pylon  
  125  10:46  Probe x3, Pylon  
  128  10:58  Probe x3  
  103  12:04  Stalker x3  
  103  12:05  Stalker x3  
  103  12:06  Stalker x2  
Show
View Real Time Build Order
Export as new Build Order

Kolbi Protoss 

Build Orders:  

Get SALT Encoding   

  12  0:02  Probe (Chrono Boost)  
  14  0:14  Probe (Chrono Boost)  
  14  0:20  Probe (Chrono Boost)  
  15  0:50  Pylon  
  15  1:08  Probe (Chrono Boost)  
  15  1:10  Gateway  
  16  1:12  Forge  
  16  1:16  Assimilator  
  16  1:20  Probe (Chrono Boost)  
  16  1:22  Assimilator  
  17  1:29  Probe (Chrono Boost)  
  18  1:34  Probe  
  18  1:37  Pylon  
  19  1:46  Probe  
  20  1:58  Probe  
  21  2:02  Photon Cannon x2  
  21  2:10  Probe  
  21  2:11  Photon Cannon  
  22  2:23  Probe  
  23  2:34  Cybernetics Core  
  23  3:00  Gateway  
  23  3:01  Gateway x2  
  23  3:07  Gateway  
  23  3:11  Warp Gate (Chrono Boost)  
  23  3:27  Protoss Ground Weapons Level 1  
  23  3:58  Pylon  
  23  4:16  Nexus  
  23  4:28  Stargate x2  
  23  4:35  Stargate  
  23  4:52  Stargate  
  23  5:18  Stalker x2  
  12  5:21  Protoss Ground Armor Level 1  
  11  5:29  Stalker  
  6  6:01  Probe  
  7  6:13  Probe  
  9  6:25  Probe  
  8  7:15  Protoss Shields Level 1  
  5  7:31  Nexus  
  4  8:25  Probe (Chrono Boost)  
  6  8:37  Probe (Chrono Boost)  
  6  8:46  Probe  
  7  8:53  Probe  
  8  9:05  Probe (Chrono Boost)  
  9  9:16  Probe (Chrono Boost)  
  10  9:25  Probe  
  11  9:37  Probe  
  12  9:49  Probe (Chrono Boost)  
  14  10:00  Probe (Chrono Boost)  
  14  10:03  Probe  
  14  10:05  Probe  
  16  10:15  Probe (Chrono Boost)  
  17  10:27  Probe (Chrono Boost)  
  19  10:28  Probe (Chrono Boost)  
  20  10:39  Probe (Chrono Boost)  
  20  10:40  Probe (Chrono Boost)  
  20  10:41  Probe  
  20  10:42  Probe  
  23  10:54  Probe (Chrono Boost)  
  25  10:58  Probe (Chrono Boost)  
  26  11:06  Probe (Chrono Boost)  
  28  11:11  Probe x2 (Chrono Boost)  
  28  11:18  Probe  
  29  11:22  Stalker x2  
  29  11:23  Stalker  
  35  11:30  Probe  
  35  11:32  Stalker  
  38  11:36  Stalker  
  40  11:42  Probe  
  31  12:07  Stalker x2  
  35  12:09  Stalker x2  
  35  12:10  Stalker  
Show
View Real Time Build Order
Export as new Build Order

PABLO Zerg 

Build Orders: Pool First 

Get SALT Encoding   

  12  0:21  Spawning Pool  
  11  0:49  Overlord  
  11  0:50  Drone x2  
  13  1:08  Extractor  
  12  1:32  Spore Crawler  
  11  1:35  Drone  
  11  1:36  Drone x2  
  14  1:47  Queen  
  16  2:24  Spine Crawler  
  16  2:34  Spine Crawler  
  15  2:39  Lair  
  15  2:45  Drone x3  
  15  2:50  Extractor  
  17  3:05  Spore Crawler  
  16  3:14  Drone x2  
  18  3:28  Drone x2  
  21  3:41  Drone  
  21  4:00  Hydralisk Den  
  20  4:06  Infestation Pit  
  19  4:18  Drone x3  
  22  4:42  Overlord x2  
  22  4:55  Muscular Augments  
  22  5:04  Hive  
  22  5:29  Spire  
  22  5:33  Drone x3  
  24  5:50  Zergling x8  
  28  6:06  Zergling x2  
  25  7:10  Mutalisk x2  
  22  7:52  Zergling x8  
  22  7:53  Zergling x4  
  3  8:27  Drone x2  
  3  8:28  Drone  
  6  9:11  Drone  
  7  9:55  Spire  
  7  9:58  Drone  
  7  11:09  Mutalisk x2  
  4  12:05  Drone x2  
  6  12:29  Hatchery  
Show
View Real Time Build Order
Export as new Build Order

Ragan Protoss 

Build Orders:  

Get SALT Encoding   

  12  0:04  Probe  
  13  0:26  Pylon  
  13  0:31  Probe  
  14  0:38  Assimilator  
  14  0:43  Probe  
  14  0:46  Gateway  
  15  0:55  Probe  
  16  1:07  Probe  
  17  1:15  Gateway  
  17  1:19  Probe  
  18  1:31  Probe  
  18  1:32  Assimilator  
  19  1:44  Forge  
  19  1:51  Cybernetics Core  
  19  1:56  Probe  
  19  1:59  Zealot  
  22  2:08  Probe  
  23  2:18  Pylon  
  23  2:20  Pylon  
  23  2:36  Probe  
  24  2:41  Stalker  
  24  2:42  Stalker  
  28  2:50  Probe  
  29  3:05  Pylon  
  29  3:11  Stalker  
  31  3:14  Stalker  
  33  3:41  Stalker  
  33  3:44  Nexus, Stalker  
  37  3:50  Pylon  
  37  4:01  Gateway  
  37  4:17  Protoss Shields Level 1  
  37  4:30  Nexus  
  37  4:35  Pylon  
  37  4:44  Assimilator  
  37  4:47  Stalker  
  37  4:48  Stalker  
  41  5:17  Stalker  
  41  5:18  Stalker  
  25  6:26  Stalker x3  
  31  6:50  Probe  
  33  6:54  Probe  
  33  6:57  Probe  
  34  7:02  Probe  
  34  7:03  Stalker  
  34  7:04  Stalker x2  
  34  7:06  Probe  
  42  7:09  Probe  
  42  7:14  Probe  
  44  7:18  Probe  
  44  7:21  Probe  
  46  7:26  Probe  
  47  7:30  Probe  
  47  7:33  Probe, Stalker  
  47  7:34  Stalker x2  
  55  7:38  Probe  
  55  7:42  Probe  
  57  7:45  Probe  
  57  7:50  Probe  
  57  7:57  Probe  
  58  8:02  Probe  
  58  8:03  Stalker  
  58  8:04  Stalker x2  
  65  8:07  Protoss Ground Weapons Level 1  
  65  8:09  Probe  
  66  8:15  Probe  
  67  8:30  Probe  
  67  8:33  Stalker  
  67  8:34  Stalker x2  
  72  8:38  Assimilator  
  72  8:41  Probe  
  75  8:42  Probe  
  76  8:55  Probe  
  77  9:00  Pylon  
  77  9:03  Pylon, Stalker  
  77  9:06  Pylon  
  77  9:07  Probe  
  77  9:08  Pylon  
  80  9:10  Gateway  
  80  9:12  Gateway  
  80  9:19  Probe  
  80  9:22  Stalker x2  
  85  9:33  Stalker  
  87  9:52  Stalker x2  
  91  10:00  Stalker x2  
  91  10:02  Protoss Ground Armor Level 1  
  91  10:03  Stalker  
  97  10:09  Probe  
  98  10:17  Assimilator  
  98  10:21  Assimilator  
  98  10:22  Probe, Stalker x2  
  103  10:30  Probe, Stalker x2  
  103  10:33  Stalker  
  103  10:34  Probe  
  111  10:46  Probe  
  112  10:52  Stalker x2  
  112  10:54  Twilight Council  
  116  10:58  Probe  
  116  11:00  Stalker x2  
  116  11:03  Stalker  
  123  11:10  Probe  
  124  11:22  Stalker x2  
  120  11:30  Stalker x2  
  124  11:34  Stalker  
  82  11:52  Stalker x2  
  80  12:00  Stalker x2  
  80  12:01  Probe  
  85  12:04  Stalker  
Show
View Real Time Build Order
Export as new Build Order

Ferfiner Terran 

Build Orders:  

Get SALT Encoding   

  12  0:02  SCV  
  13  0:14  SCV  
  14  0:26  Supply Depot  
  14  0:35  Refinery  
  14  0:49  SCV  
  15  1:01  SCV  
  16  1:08  Supply Depot  
  16  1:13  SCV  
  18  1:25  SCV  
  18  1:26  Barracks  
  18  1:37  SCV  
  19  1:42  Supply Depot  
  19  1:49  SCV  
  20  2:02  SCV  
  21  2:14  SCV, Command Center  
  22  2:25  Barracks Tech Lab  
  22  2:26  SCV, Barracks  
  23  2:32  Engineering Bay  
  23  2:38  SCV  
  23  2:41  Refinery  
  24  2:50  SCV  
  25  3:02  SCV  
  26  3:14  SCV  
  27  3:26  SCV  
  28  3:27  SCV  
  29  3:38  SCV  
  29  3:39  SCV  
  31  3:50  SCV  
  31  3:51  SCV  
  33  3:56  Barracks Tech Lab, Barracks  
  33  4:01  Barracks  
  33  4:03  SCV x2, Terran Infantry Weapons Level 1  
  35  4:15  SCV x2  
  37  4:22  Refinery  
  37  4:24  Refinery  
  37  4:27  SCV x2  
  39  4:39  SCV x2  
  41  4:50  Barracks Tech Lab  
  41  4:51  SCV, Barracks Tech Lab  
  41  4:52  Ghost Academy  
  42  5:19  SCV  
  43  5:25  SCV  
  44  5:31  SCV  
  44  5:33  Command Center  
  45  5:36  Moebius Reactor  
  45  5:37  SCV  
  45  5:42  Ghost  
  46  5:43  SCV, Ghost x2  
  46  5:49  SCV  
  54  5:57  Terran Infantry Armor Level 1  
  54  6:00  Supply Depot  
  54  6:21  Ghost  
  54  6:22  SCV x2  
  58  6:30  Ghost x2  
  62  6:41  Supply Depot  
  62  6:44  SCV x2, Ghost, Supply Depot  
  66  6:49  Ghost  
  66  6:54  SCV  
  69  6:56  SCV  
  69  6:58  SCV, Ghost  
  73  7:05  Ghost  
  73  7:06  SCV  
  76  7:08  SCV  
  76  7:10  SCV  
  76  7:12  Ghost  
  80  7:18  SCV, Ghost, Refinery  
  80  7:20  SCV  
  80  7:21  Refinery  
  84  7:27  Ghost  
  86  7:30  SCV, Supply Depot  
  86  7:32  Supply Depot  
  87  7:39  Ghost  
  87  7:41  Ghost  
  91  7:47  Ghost  
  91  7:51  Neosteel Frame  
  93  7:55  Ghost  
  93  8:31  Ghost x2  
  93  8:32  Ghost x2  
  101  9:00  Ghost x4  
  109  9:10  Hi-Sec Auto Tracking  
  109  9:14  Factory  
  109  9:36  Ghost  
  109  9:37  Ghost  
  109  9:38  Ghost x2  
  107  10:05  Ghost  
  109  10:07  Building Armor, Starport  
  109  10:14  Starport  
  109  10:44  Command Center  
  108  11:05  Supply Depot  
Tags
 
Add a new tag
Caveats
  • Supply blocks, unpowered buildings, or Contaminate may cause inaccurate times.
  • Supply counts are checked every 10 seconds.